 Dungeon Crawl Stone Soup version 0.28.0 (webtiles) character file.

Game seed: 681870141223389278

164 dolemite99 the Poker (level 5, 0/38 HPs)
             Began as a Demonspawn Gladiator on Feb 13, 2022.
             Was a Follower of Fedhas.
             Succumbed to Jessica's poison
             ... on level 3 of the Dungeon.
             The game lasted 00:02:48 (2649 turns).

dolemite99 the Poker (Demonspawn Gladiator)         Turns: 2649, Time: 00:02:49

Health: 0/38       AC: 11    Str: 16    XL:     5   Next: 21%
Magic:  5/5        EV:  7    Int: 10    God:    Fedhas [*.....]
Gold:   932        SH:  0    Dex: 14    Spells: 4/4 levels left

rFire   . . .      SeeInvis .   a - +0 trident
rCold   . . .      Faith    .   (no shield)
rNeg    . . .      Spirit   .   e - +0 chain mail
rPois   .          Reflect  .   c - +0 helmet
rElec   .          Harm     .   (no cloak)
rCorr   .          Rampage  .   (no gloves)
Will    .....                   j - +0 pair of boots
Stlth   ..........              (no amulet)
HPRegen 0.12/turn               (no ring)
MPRegen 0.09/turn               (no ring)

@: lethally poisoned (0 -> -5)
A: powered by death 1, sharp scales 1
a: Renounce Religion


You were on level 3 of the Dungeon.
You worshipped Fedhas.
Fedhas was aware of your devotion.
You visited 1 branch of the dungeon, and saw 3 of its levels.

You collected 932 gold pieces.

Inventory:

Hand Weapons
 a - a +0 trident (weapon)
 n - a +0 halberd
Missiles
 d - 3 throwing nets (quivered)
 g - 22 stones
 h - 44 arrows
 i - 23 bolts
 m - 4 atropa-tipped darts
 o - 9 sling bullets
 q - 5 poisoned darts
Armour
 b - a +0 leather armour
 c - a +0 helmet (worn)
 e - a +0 chain mail (worn)
 j - a +0 pair of boots (worn)
 k - +0 ice dragon scales
Jewellery
 f - an amulet of the acrobat
Scrolls
 p - a scroll of fear
 r - a scroll of summoning


   Skills:
 - Level 2.0 Fighting
 + Level 5.4 Polearms
 - Level 1.7 Throwing
 - Level 2.6 Dodging


You had 4 spell levels left.
You didn't know any spells.
Your spell library contained the following spells:

 Spells                   Type           Power      Damage    Failure   Level
 Gell's Gravitas          Tloc           0%         N/A       100%        3
 Teleport Other           Tloc           0%         N/A       100%        3
 Dispersal                Tloc           0%         N/A       100%        6


Dungeon Overview and Level Annotations

Branches:
Dungeon (3/15)

Altars:
Fedhas


Innate Abilities, Weirdness & Mutations

You regenerate a little health from kills.
You are partially covered in razor-sharp scales. (AC +1, Slay +1)


Message History

Jessica hits you with a +3 dagger of venom.
You are more poisoned.
You hit Jessica but do no damage.
Jessica is moderately wounded.
You feel very sick.
The bat hits you but does no damage. x2; Jessica hits you but does no damage.
You are more poisoned.
You barely miss Jessica.
Jessica is moderately wounded.
You feel very sick. The bat barely misses you.
Jessica hits you but does no damage.
You are lethally poisoned!
You hit Jessica.
You kill Jessica!
Fedhas appreciates your contribution to the ecosystem.
You feel very sick. The bat closely misses you.
You feel very sick. The bat closely misses you.
Things that are here:
a +3 dagger of venom; a +2 robe of positive energy; the human corpse of Jessica
Found 13 gold pieces.
* * * LOW HITPOINT WARNING * * *
You feel very sick. The bat barely misses you.
You hit the bat.
The bat is moderately wounded.
* * * LOW HITPOINT WARNING * * *
You feel very sick. The bat barely misses you.
You aren't carrying any potions.
* * * LOW HITPOINT WARNING * * *
You feel sick.
* * * LOW HITPOINT WARNING * * *
You feel sick. The bat barely misses you.
Found a stone staircase leading up.
* * * LOW HITPOINT WARNING * * *
You feel sick. The bat hits you but does no damage.
You die...
Fedhas appreciates your contribution to the ecosystem.

# #. #.# ... #.#### .#
####.$..# .# #....<.@# .#
#.##.##.##.####. #...#
#...b........ #...# #
#..........# #...# #.
####)..###.# #...#
#.#####...###.# #...#
#.............#
##...#######.###....#....
...........#.# #....# ...


You could see a bat.

Vanquished Creatures
  Jessica (D:3)
  4 gnolls
  4 adders
  A dart slug (D:1)
  6 ball pythons
  5 endoplasms
  2 giant cockroaches
  5 goblins
  5 hobgoblins
  4 quokkas
  3 bats
  4 frilled lizards
  4 kobolds
  5 rats
53 creatures vanquished.

Vanquished Creatures (collateral kills)
  An adder (D:3)
1 creature vanquished.

Grand Total: 54 creatures vanquished

Notes
Turn   | Place    | Note
-------+----------+-------------------------------------------
     0 | D:1      | dolemite99 the Demonspawn Gladiator began the quest for the
                  | Orb.
     0 | D:1      | Reached XP level 1. HP: 16/16 MP: 1/1
   136 | D:1      | Reached skill level 3 in Polearms
   182 | D:1      | Gained mutation: You regenerate a little health from kills.
                  | [demonic ancestry]
   182 | D:1      | Reached XP level 2. HP: 22/22 MP: 2/2
   733 | D:2      | Found a blossoming altar of Fedhas.
   746 | D:2      | Became a worshipper of Fedhas Madash
   768 | D:2      | Reached XP level 3. HP: 27/27 MP: 3/3
   889 | D:2      | Reached skill level 4 in Polearms
  1008 | D:2      | HP: 1/27 [gnoll (13)]
  1021 | D:1      | Reached XP level 4. HP: 8/33 MP: 4/4
  1466 | D:2      | HP: 1/33 [gnoll (9)]
  2326 | D:3      | Reached * piety under Fedhas
  2327 | D:3      | Reached skill level 5 in Polearms
  2409 | D:3      | Identified a scroll of acquirement
  2434 | D:3      | Acquired 842 gold pieces
  2442 | D:3      | Gained mutation: You are partially covered in razor-sharp
                  | scales. (AC +1, Slay +1) [demonic ancestry]
  2442 | D:3      | Reached XP level 5. HP: 38/38 MP: 5/5
  2634 | D:3      | Noticed Jessica
  2642 | D:3      | Killed Jessica
  2648 | D:3      | HP: 1/38 [poisoned by Jessica]
  2649 | D:3      | Succumbed to Jessica's poison

Illustrated notes

Levels and vault maps discovered:
D:1:      minmay_arrival_radiant_lines, layout_basic
D:2:      layout_rooms, basic_altar, kennysheep_another_room
D:3:      layout_loops_cross, tgw_trog, uniq_jessica

Skill      XL: |  1  2  3  4 |
---------------+-------------+-----
Polearms       | 3 4 5 |  5.4
Fighting       | |  2.0
Throwing       | |  1.7
Dodging        | |  2.6

Action                   |  1- 3 |  4- 6 || total
-------------------------+-------+-------++-------
Melee: Trident           |   110 |    87 ||   197
  Use: Potion            |     1 |       ||     1
       Scroll            |       |     5 ||     5
Armor: Chain mail        |    75 |    54 ||   129
Dodge: Dodged            |    33 |    37 ||    70
